 Dungeon Crawl Stone Soup version 0.30-a0-140-gd1020e658a (webtiles) character file.

Game seed: 6911129438763592980

408 BlueGoblin the Grave Robber (level 6, -4/43 HPs)
             Began as a Demonspawn Necromancer on Sept 24, 2022.
             Was an Initiate of Dithmenos.
             Slain by Dowan
             ... wielding a +0 dagger
              (5 damage)
             ... on level 4 of the Dungeon.
             The game lasted 00:08:51 (4031 turns).

BlueGoblin the Grave Robber (DsNe)                  Turns: 4031, Time: 00:08:52

Health: -4/43      AC:  7    Str:  8    XL:     6   Next: 57%
Magic:  1/10       EV: 12    Int: 17    God:    Dithmenos [......]
Gold:   160        SH:  0    Dex: 15    Spells: 7/11 levels left

rFire   . . .      SeeInvis .    q - +2 whip (venom)
rCold   . . .      Faith    .    (no shield)
rNeg    . . .      Spirit   .    a - +0 robe
rPois   .          Reflect  .    (no helmet)
rElec   .          Harm     .    m - +0 cloak
rCorr   .          Rampage  .    (no gloves)
Will    +....                    (no boots)
Stlth   +.........               (no amulet)
HPRegen 0.14/turn                g - +4 ring of protection
MPRegen 0.12/turn                t - ring of willpower

@: brilliant, lethally poisoned (-4 -> -18), lit by a corona, glowing
A: ignite blood 2, demonic touch 2
a: Renounce Religion


You were on level 4 of the Dungeon.
You worshipped Dithmenos.
Dithmenos was noncommittal.
You visited 2 branches of the dungeon, and saw 5 of its levels.

You collected 160 gold pieces.

Inventory:

Hand Weapons
 d - a +0 short sword
 q - a +2 whip of venom (weapon)
 v - a +0 dagger of speed
Armour
 a - a +0 robe (worn)
 c - +0 storm dragon scales
 m - a +0 cloak (worn)
Jewellery
 g - a +4 ring of protection (left hand)
 t - a ring of willpower (right hand)
Scrolls
 j - a scroll of identify
 l - a scroll of amnesia {unknown}
 n - a scroll of vulnerability {unknown}
Potions
 b - 2 potions of magic
 f - 3 potions of flight
 h - 2 potions of curing {unknown}
 k - 2 potions of haste {unknown}
 o - a potion of brilliance
 p - a potion of might {unknown}
 s - a potion of lignification {unknown}
 u - a potion of heal wounds {unknown}


   Skills:
 + Level 1.2 Fighting
 + Level 2.0 Armour
 + Level 2.6 Dodging
 - Level 1.7 Stealth
 + Level 3.2 Spellcasting
 + Level 7.0 Necromancy


You had 7 spell levels left.
You knew the following spells:

 Your Spells              Type           Power      Damage    Failure   Level
a - Vampiric Draining     Necr           39%        2d8       3%          3
q - Necrotise             Necr           100%       1d9       1%          1

Your spell library contained the following spells:

 Spells                   Type           Power      Damage    Failure   Level
 Animate Dead             Necr           39%        N/A       10%         4
 Summon Small Mammal      Summ           16%        N/A       17%         1
 Agony                    Necr           39%        N/A       26%         5
 Call Canine Familiar     Summ           4%         N/A       45%         3
 Summon Guardian Golem    Hex/Summ       4%         N/A       45%         3


Dungeon Overview and Level Annotations

Branches:
Dungeon (4/15)             Temple (1/1) D:4

Altars:
Ashenzari
Cheibriados
Dithmenos
Fedhas
Gozag
Hepliaklqana
Kikubaaqudgha
Nemelex Xobeh
Okawaru
Qazlal
Ru
Sif Muna
Vehumet
Wu Jian
Xom
Yredelemnul

Annotations:
D:4 Dowan, Duvessa


Innate Abilities, Weirdness & Mutations

Your demonic aura often causes spilled blood to erupt in flames.
Your touch may inflict irresistible damage on your foes.


Message History

Unknown command.
Unknown command.
Casting: Vampiric Draining (dangerous; 3% risk of failure)
Confirm with . or Enter, or press ? or * to list all spells.
Aiming: Vampiric Draining (dangerous; 3% risk of failure)
Press: ? - help, Shift-Dir - straight line, f/p - Duvessa
Aim: Duvessa, wielding a +0 short sword of venom and wearing a +0 leather armour (heavily wounded)
You draw life force from Duvessa.
You feel life coursing into your body.
You feel sick.
Duvessa says, "My weaknesses are his strengths!"
Duvessa misses you.
Unknown command.
Unknown command.
You closely miss Duvessa.
Duvessa is severely wounded.
You feel sick. Duvessa hits you but does no damage.
You are more poisoned.
Dowan hits you with a +0 dagger.
Duvessa hits you with a +0 short sword of venom.
You are lethally poisoned!
Unknown command.
You barely miss Duvessa.
Duvessa is severely wounded.
* * * LOW HITPOINT WARNING * * *
You feel very sick. Dowan hits you with a +0 dagger.
* * * LOW HITPOINT WARNING * * *
Duvessa barely misses you.
Unknown command.
Hit: q) +2 whip (venom)
Press: ? - help, Dir - move target, f/p - Duvessa
Aim: Duvessa, wielding a +0 short sword of venom and wearing a +0 leather armour (severely wounded, about 36% to evade your +2 whip of venom)
Okay, then.
Unknown command.
It was a potion of brilliance.
You feel clever all of a sudden.
* * * LOW HITPOINT WARNING * * *
You feel very sick. Dowan hits you with a +0 dagger.
You die...

....#.....##..##...#####....#....
....#.........#######..#....#....
....##....##..'........#....#####
....##.e..##..#....##e##....#
.......Z..#...##...#........#
...)e.....#...##...#........#
..........'....'...#........#
..........#....#e..#........#
###..#.#########@###........#####
...#####.........e..........#...[
... #.....♣♣♣♣♣♣♣♣♣..##.##....
... #................#...#.... ..
#.....♣♣♣♣♣♣♣♣♣..#.⌠.#.... ..
####.####'#.........#...#####
##..#......#........###.###...
#..........######...#8...8#...
#...............#...#.....#...


You could see Duvessa and Dowan.

Vanquished Creatures
  Sigmund (D:2)
  2 jellies (D:4)
  2 iguanas (D:4)
  3 adders
  A white imp (D:4)
  A worm (D:4)
  4 dart slugs
  8 orcs
  3 bats
  8 endoplasms
  2 giant cockroaches
  5 goblins
  6 hobgoblins
  3 jackals (D:4)
  13 kobolds
  2 quokkas
  8 ball pythons
  3 frilled lizards
  5 rats
80 creatures vanquished.

Vanquished Creatures (collateral kills)
  2 orcs (D:4)
2 creatures vanquished.

Vanquished Creatures (others)
  7 plants (D:4)
7 creatures vanquished.

Grand Total: 89 creatures vanquished

Notes
Turn   | Place    | Note
-------+----------+-------------------------------------------
     0 | D:1      | BlueGoblin the Demonspawn Necromancer began the quest for
                  | the Orb.
     0 | D:1      | Reached XP level 1. HP: 13/13 MP: 3/3
   275 | D:1      | Gained mutation: Your touch may inflict minor irresistible
                  | damage on your foes. [demonic ancestry]
   275 | D:1      | Reached XP level 2. HP: 14/19 MP: 5/5
   603 | D:1      | Found a faded altar of an unknown god.
   706 | D:1      | Reached skill level 5 in Necromancy
   941 | D:2      | Reached XP level 3. HP: 24/24 MP: 6/6
  1073 | D:2      | Noticed Sigmund
  1093 | D:2      | Killed Sigmund
  1094 | D:2      | Reached skill level 1 in Armour
  1094 | D:2      | Reached skill level 6 in Necromancy
  1094 | D:2      | Gained mutation: Your demonic aura sometimes causes spilled
                  | blood to erupt in flames. [demonic ancestry]
  1094 | D:2      | Reached XP level 4. HP: 9/31 MP: 7/7
  1094 | D:2      | Gained mutation: Your touch may inflict irresistible damage
                  | on your foes. [demonic ancestry]
  1094 | D:2      | Reached XP level 5. HP: 10/36 MP: 8/8
  1703 | D:2      | Reached skill level 1 in Fighting
  2704 | D:4      | Gained mutation: Your demonic aura often causes spilled
                  | blood to erupt in flames. [demonic ancestry]
  2704 | D:4      | Reached XP level 6. HP: 43/43 MP: 7/10
  2743 | D:4      | Noticed a sky beast
  3186 | D:4      | Found a staircase to the Ecumenical Temple.
  3197 | Temple   | Entered the Ecumenical Temple
  3440 | Temple   | Became a worshipper of Dithmenos the Shadowed
  3774 | D:4      | Reached skill level 7 in Necromancy
  3824 | D:4      | Noticed Dowan
  3828 | D:4      | Noticed Duvessa
  4004 | D:4      | Learned a level 3 spell: Vampiric Draining
  4031 | D:4      | HP: 1/43 [poisoned by Duvessa]
  4031 | D:4      | Slain by Dowan

Illustrated notes

Levels and vault maps discovered:
D:1:      dpeg_arrival_rooms_with_view, layout_loops_ring,
          chequers_ecumenical_altar_island
D:2:      layout_rooms, uniq_sigmund
D:3:      layout_rooms, minmay_misc_feat_iff,
          nicolae_concentric_dashed_squares_wild
D:4:      layout_gridville, minmay_temple_entry_antechambers, serial_forest,
          infiniplex_forest_clump_small, infiniplex_forest_straight_4,
          infiniplex_forest_clump_medium, infiniplex_forest_straight_3,
          infiniplex_forest_clump_double, uniq_duvessa
Temple:   eino_narrow_crystal_temple

Skill      XL: |  1  2  3  4  5  6 |
---------------+-------------------+-----
Dodging        | 2 |  2.6
Necromancy     | 5 6 7 |  7.0
Armour         | 1 2 |  2.0
Fighting       | 1 |  1.2
Spellcasting   | 3 |  3.2
Stealth        | |  1.7

Action                   |  1- 3 |  4- 6 || total
-------------------------+-------+-------++-------
Melee: Short sword       |    82 |    81 ||   163
       Unarmed           |    20 |       ||    20
       Punch             |     2 |     1 ||     3
       Touch             |    10 |    21 ||    31
       Whip              |       |    21 ||    21
 Cast: Necrotise         |     1 |    55 ||    56
       Vampiric Draining |       |     3 ||     3
  Use: Scroll            |       |     5 ||     5
       Potion            |       |     1 ||     1
 Stab: Distracted        |     1 |       ||     1
Armor: Storm dragon scal |    78 |    67 ||   145
       Robe              |       |     7 ||     7
       Skin              |       |     1 ||     1
Dodge: Dodged            |    13 |    42 ||    55

Table legend: (Time is in decaauts)
 A = Elapsed time spent in this place.
 B = Non-inter-level travel time spent in this place.
 C = Inter-level travel time spent in this place.
 D = Time resting spent in this place.
 E = Time spent auto-exploring this place.
 F = Levels seen in this place.
 G = Mean time per level.
                   A        B        C        D        E       F      G
               +--------+--------+--------+--------+--------+-----+--------+
         Total |   4033 |   3797 |    236 |    200 |   2941 |   5 |  806.6 |
       Dungeon |   3774 |   3576 |    198 |    200 |   2733 |   4 |  943.5 |
        Temple |    258 |    220 |     38 |      0 |    208 |   1 |  258.0 |
               +--------+--------+--------+--------+--------+-----+--------+

Top non-repeatable levels by time:
     D:4: 1161 daAuts
     D:2: 1032 daAuts
     D:1: 917 daAuts
     D:3: 663 daAuts
  Temple: 258 daAuts
